 Dungeon Crawl Stone Soup version 0.17.0-28-g6e173f8 (webtiles) character file.

51 coffecat the Grave Robber (level 3, 0/24 HPs)
             Began as a Vampire Necromancer on Nov 26, 2015.
             Killed by nerve-wracking pain
             ... invoked by Grinder
              (4 damage)
             ... on level 3 of the Dungeon.
             The game lasted 00:17:39 (2698 turns).

coffecat the Grave Robber (Vampire Necromancer)     Turns: 2698, Time: 00:17:39

Health: 0/24       AC:  3    Str:  7    XL:     3   Next: 58%
Magic:  6/6        EV: 12    Int: 17    God:
Gold:   90         SH:  0    Dex: 15    Spells: 3 memorised, 2 levels left

rFire  . . .     SeeInvis +     d - +1 spear
rCold  + . .     Clarity  .     i - +0 leather armour
rNeg   + + .     SustAt   .     (no shield)
rPois  +         Gourm    .     (no helmet)
rElec  .         Spirit   .     (no cloak)
rCorr  .         Warding  .     (no gloves)
rMut   .         Stasis   .     (no boots)
MR     .....                    (no amulet)
Stlth  ++........               (no ring)
                                (no ring)

@: regenerating slowly, not resistant to hostile enchantments, unstealthy
A: fangs 3, see invisible, unbreathing
a: Bat Form


You were on level 3 of the Dungeon.
You were thirsty.

You visited 1 branch of the dungeon, and saw 3 of its levels.

You collected 90 gold pieces.

Inventory:

Hand Weapons
 d - a +1 spear (weapon)
Armour
 a - a +0 robe
 i - a +0 leather armour (worn)
Scrolls
 f - a scroll of magic mapping
 h - a scroll of remove curse {unknown}
Potions
 c - 2 potions of blood
 e - 2 potions of curing {unknown}
 g - a potion of berserk rage {unknown}
 j - a potion of agility {unknown}
Books
 b - a book of Necromancy

   Spells                             Type                      Level
   a - Pain                           Necromancy                   1
   b - Animate Skeleton               Necromancy                   1
   c - Vampiric Draining              Necromancy                   3
   d - Regeneration                   Charms/Necromancy            3
   e - Animate Dead                   Necromancy                   4
   f - Control Undead                 Necromancy                   4


   Skills:
 + Level 0.1 Fighting
 + Level 0.4 Armour
 + Level 2.5 Dodging
 + Level 3.0 Stealth
 + Level 2.6 Spellcasting
 + Level 5.1 Necromancy


You had 2 spell levels left.
You knew the following spells:

 Your Spells              Type           Power        Failure   Level  Hunger
a - Pain                  Necr           ###.         3%          1    #......
b - Vampiric Draining     Necr           ###.......   12%         3    ###....
c - Animate Skeleton      Necr           N/A          3%          1    #......


Dungeon Overview and Level Annotations

Branches:
Dungeon (3/15)

Altars:
Elyvilon

Annotations:
D:2 Terence
D:3 Grinder


Innate Abilities, Weirdness & Mutations

You heal slowly.
You have razor-sharp teeth.
You have supernaturally acute eyesight.
You can survive without breathing.


Message History

You shrug off the repeated paralysis!
Grinder gestures at you.
You shrug off the repeated paralysis!
You can move again.
Unknown command.
You hit Grinder.
Grinder is lightly wounded.
You are feeling thirsty.
Grinder hits you.
You hit Grinder.
Grinder is lightly wounded.
Grinder hits you! Grinder hits you.
* * * LOW HITPOINT WARNING * * *
You hit Grinder. Your bite misses Grinder.
Grinder is moderately wounded.
Grinder hits you.
* * * LOW HITPOINT WARNING * * *
Grinder gestures at you. Pain shoots through your body!
You die...

#.# .## #w# ..# .5# #.#
#.# #.# #.# #.# #
#.###### ##.##
#.##.##...####...####..
#..........w5.@_.......
####.##.######...####.#
#.##.# ##.## #.##.# #.#
#.##.. #.# #.# #...##
## #.###### #.# ##.#
#.###.#..#.# #.# .
#..........# #.#
#...###..### #.#


You could see Grinder and a worm.

Vanquished Creatures
  Robin (D:2)
  An ooze (D:2)
  3 giant cockroaches (D:1)
  6 hobgoblins
  3 jackals (D:1)
  2 bats (D:1)
  4 giant newts
  11 goblins
  A rat (D:1)
32 creatures vanquished.

Vanquished Creatures (collateral kills)
  An ooze (D:2)
1 creature vanquished.

Grand Total: 33 creatures vanquished

Notes
Turn   | Place    | Note
--------------------------------------------------------------
     0 | D:1      | coffecat the Vampire Necromancer began the quest for the Orb.
     0 | D:1      | Reached XP level 1. HP: 13/13 MP: 3/3
   287 | D:1      | Reached XP level 2. HP: 16/19 MP: 0/5
   720 | D:2      | Noticed Robin
  1567 | D:1      | Reached skill level 5 in Necromancy
  1781 | D:2      | Reached XP level 3. HP: 18/24 MP: 2/6
  1863 | D:2      | Learned a level 3 spell: Vampiric Draining
  1964 | D:2      | Noticed Terence
  1965 | D:2      | Found a faded altar to an unknown god.
  1999 | D:2      | Learned a level 1 spell: Animate Skeleton
  2080 | D:2      | Killed Robin
  2649 | D:3      | Found a white marble altar of Elyvilon.
  2672 | D:3      | Noticed Grinder
  2676 | D:3      | Paralysed by Grinder for 2 turns
  2685 | D:3      | Paralysed by Grinder for 7 turns
  2698 | D:3      | Killed from afar by Grinder

Action                   || total
-------------------------++-------
Melee: Spear             ||    63
 Cast: Pain              ||    34
       Vampiric Draining ||     2
       Animate Skeleton  ||     1
 Abil: End Transformatio ||     1
       Bat Form          ||     1
  Use: Scroll            ||     4
       Potion            ||     3
 Stab: Sleeping          ||     1
